 Dungeon Crawl Stone Soup version 0.30-a0-779-g7971cf19c3 (webtiles) character file.

Game seed: 4360897423939504023

58 Flugslaktarn the Trooper (level 3, -3/33 HPs)
             Began as a Minotaur Fighter on Feb 17, 2023.
             Killed by nerve-wracking pain
             ... invoked by a shadow imp
             ... summoned by Natasha
              (10 damage)
             ... on level 2 of the Dungeon.
             The game lasted 00:00:27 (1230 turns).

Flugslaktarn the Trooper (Minotaur Fighter)         Turns: 1230, Time: 00:00:27

Health: -3/33      AC:  7    Str: 22    XL:     3   Next: 75%
Magic:  2/2        EV:  9    Int:  5    God:
Gold:   75         SH:  4    Dex:  9    Spells: 2/2 levels left

rFire   . . .      SeeInvis .    a - +0 war axe
rCold   . . .      Faith    .    j - +0 buckler
rNeg    . . .      Spirit   .    b - +0 scale mail
rPois   .          Reflect  .    (helmet restricted)
rElec   .          Harm     .    (no cloak)
rCorr   .          Rampage  .    (no gloves)
Will    .....                    (no boots) Stlth
                                 (no amulet)
HPRegen 0.25/turn                (no ring)
MPRegen 0.08/turn                (no ring)

@: no status effects
A: horns 2, retaliatory headbutt
a: no special abilities


You were on level 2 of the Dungeon.
You visited 1 branch of the dungeon, and saw 2 of its levels.

You collected 75 gold pieces.

Inventory:

Hand Weapons
 a - a +0 war axe (weapon)
Armour
 b - a +0 scale mail (worn)
 j - a +0 buckler (worn)
Jewellery
 c - a ring of protection from cold
   (You found it on level 1 of the Dungeon)
Scrolls
 e - 3 scrolls of identify {unknown}
 h - 4 scrolls of teleportation {unknown}
 k - a scroll of torment {unknown}
 l - a scroll of poison {unknown}
 n - 3 scrolls of magic mapping {unknown}
Potions
 d - a potion of might
 f - 2 potions of lignification {unknown}
 g - a potion of curing {unknown}
 i - a potion of brilliance {unknown}
 m - a potion of degeneration {unknown}


   Skills:
 + Level 4.1 Fighting
 * Level 3.6 Axes
 + Level 4.1 Armour
 + Level 4.1 Shields


You had 2 spell levels left.
You didn't know any spells.
Your spell library was empty.

Dungeon Overview and Level Annotations

Branches:
Dungeon (2/15)

Altars:

Shops:
D:2 (

Annotations:
D:2 Natasha


Innate Abilities, Weirdness & Mutations

You have a pair of horns on your head.
You reflexively headbutt those who attack you in melee.


Message History

You slash the endoplasm!
You kill the endoplasm!
The endoplasm hits you.
You completely miss the endoplasm. You headbutt the endoplasm.
You kill the endoplasm!
No target in view!
No target in view!
No target in view!
You now have 67 gold pieces (gained 11).
You now have 75 gold pieces (gained 8).
Found an escape hatch in the ceiling.
An adder comes into view.
The adder hisses angrily.
An adder is nearby!
You barely miss the adder. Your headbutt misses the adder.
The adder bites you but does no damage.
You hit the adder. Your headbutt misses the adder.
The adder is severely wounded.
The adder closely misses you. You block the adder's attack.
You closely miss the adder. Your headbutt misses the adder.
The adder is severely wounded.
The adder bites you but does no damage. x2
You hit the adder but do no damage. Your headbutt misses the adder.
The adder is severely wounded.
The adder closely misses you. The adder bites you.
You are poisoned.
The adder poisons you!
You slash the adder!
You kill the adder!
You feel very sick.
No target in view!
No target in view!
You feel sick.
You feel sick.
You feel sick.
You feel sick.
You feel sick.
You are no longer poisoned.
Found a stone staircase leading down.
n - 3 scrolls labelled GITSAI OHEMUXT
There is a stone staircase leading down here.
Found a dagger.
No target in view!
No target in view!
No target in view!
No target in view!
No target in view!
No target in view!
You see here 6 javelins.
Natasha, Servant of Life and Death comes into view.
Natasha hisses angrily.
Natasha mumbles some strange words.
Natasha is nearby!
Natasha is nearby!
Found Unuhoem's Antique Weapon Boutique.
Natasha mumbles some strange words.
You closely miss the iron imp. The iron imp hits you.
You hit the iron imp.
The iron imp is moderately wounded.
You miss Natasha. Natasha claws you. You block the iron imp's attack.
Natasha barely misses you. The iron imp barely misses you.
You slash the iron imp!
You kill the iron imp!
The iron imp disappears in a puff of smoke!
You closely miss Natasha. Natasha claws you but does no damage.
The shadow imp hits you but does no damage.
You hit Natasha.
Natasha is lightly wounded.
You closely miss the shadow imp.
Natasha mumbles some strange words.
You feel troubled. Natasha barely misses you.
The shadow imp hits you but does no damage.
You hit Natasha.
Natasha is moderately wounded.
You closely miss the shadow imp.
Natasha mumbles some strange words.
You feel troubled. Natasha claws you. The shadow imp misses you.
Natasha claws you but does no damage.
You barely miss Natasha. Your headbutt misses Natasha.
Natasha is moderately wounded.
You closely miss the shadow imp. You block the shadow imp's attack.
Natasha mumbles some strange words.
The shadow imp gestures at you. Pain shoots through your body!
You barely miss Natasha.
Natasha is moderately wounded.
You closely miss the shadow imp. Natasha claws you!
* * * LOW HITPOINT WARNING * * *
The shadow imp barely misses you.
You are too injured to fight recklessly!
You are too injured to fight recklessly!
You are too injured to fight recklessly!
You are too injured to fight recklessly!
You hit Natasha but do no damage.
Natasha is moderately wounded.
You slash the shadow imp! Natasha claws you but does no damage.
The shadow imp gestures at you. Pain shoots through your body!
You die...

####...##|......###............
#...................<.......
#.#..##............##.......
#.##.#..##.........########. #.
#.......####...........##
#.......# ####.##.###..#
....####.# #(##..###..
......###5##### #.###.#####
........5h@...###.###.>.#
#.#####..........###.###
.∩......##.......# #....
#.#..#######.....# ####. ...#
#)....# #. ## ####### ##


You could see Natasha and 2 shadow imps.

Vanquished Creatures
  3 adders (D:2)
  A bat (D:1)
  3 endoplasms (D:2)
  A giant cockroach (D:1)
  A goblin (D:1)
  5 hobgoblins (D:1)
  3 jackals (D:2)
  2 kobolds (D:1)
  A quokka (D:2)
  4 ball pythons (D:1)
  3 frilled lizards
  A rat (D:2)
28 creatures vanquished.

Notes
Turn   | Place    | Note
-------+----------+-------------------------------------------
     0 | D:1      | Flugslaktarn the Minotaur Fighter began the quest for the
                  | Orb.
     0 | D:1      | Reached XP level 1. HP: 19/19 MP: 0/0
   133 | D:1      | Reached XP level 2. HP: 21/27 MP: 1/1
   329 | D:1      | Found a faded altar of an unknown god.
   858 | D:2      | Reached XP level 3. HP: 24/33 MP: 2/2
  1219 | D:2      | Noticed Natasha
  1220 | D:2      | Found Unuhoem's Antique Weapon Boutique.
  1230 | D:2      | Killed from afar by a shadow imp

Illustrated notes

Levels and vault maps discovered:
D:1:      nicolae_arrival_somewhat_less_tricky_arrival, layout_basic,
          ebering_ecumenical_altar_rust
D:2:      minmay_angry_zag, layout_rooms, serial_shops, nicolae_shop_crystal,
          nrook_campfire, uniq_natasha

Skill      XL: |  1  2 |
---------------+-------+-----
Axes           | 3 |  3.6
Fighting       | 4 |  4.1
Armour         | 4 |  4.1
Shields        | 4 |  4.1

Action                     || total
---------------------------++-------
  Melee: War axe           ||    58
         Headbutt          ||     7
 Armour: Scale mail        ||    35
  Dodge: Dodged            ||    38
  Block: Buckler           ||    14

Table legend: (Time is in decaauts)
 A = Elapsed time spent in this place.
 B = Non-inter-level travel time spent in this place.
 C = Inter-level travel time spent in this place.
 D = Time resting spent in this place.
 E = Time spent auto-exploring this place.
 F = Levels seen in this place.
 G = Mean time per level.
                   A        B        C        D        E       F      G
               +--------+--------+--------+--------+--------+-----+--------+
         Total |   1250 |   1220 |     30 |      0 |   1048 |   2 |  625.0 |
       Dungeon |   1250 |   1220 |     30 |      0 |   1048 |   2 |  625.0 |
               +--------+--------+--------+--------+--------+-----+--------+

Top non-repeatable levels by time:
     D:1: 854 daAuts
     D:2: 396 daAuts
